 Dungeon Crawl Stone Soup version 0.29.1-1-gd02db6906a (webtiles) character file.

Game seed: 14927158488352556111

177 hawla the Firebug (level 6, -8/45 HPs)
             Began as a Meteoran Fire Elementalist on Oct 13, 2022.
             Killed by divine providence
             ... invoked by an orc priest
              (15 damage)
             ... on level 4 of the Dungeon.
             The game lasted 00:05:45 (1109 turns).

hawla the Firebug (Meteoran Fire Elementalist)      Turns: 1109, Time: 00:05:46

Health: -8/45      AC: -5    Str:  9    XL:     6   Next: 13%
Magic:  7/12       EV: 13    Int: 24    God:
Gold:   115        SH:  0    Dex: 20    Spells: 4/11 levels left

rFire   . . .      SeeInvis .   l - +6 flail of Qorghoc {drain, rN+ Will+ Dex+4}
rCold   + . .      Faith    .   (no shield)
rNeg    + . .      Spirit   .   a - +1 robe
rPois   .          Reflect  .   (no helmet)
rElec   .          Harm     .   (no cloak)
rCorr   .          Rampage  .   (no gloves)
Will    +....                   (no boots)
Stlth   +.........              k - amulet of magic regeneration
HPRegen 0.15/turn               c - +6 ring of intelligence
MPRegen 0.53/turn               i - ring of protection from cold

@: corroded, glowing
A: sense surroundings 1, otherworldly, glowing, explore regen
a: no special abilities


You were on level 4 of the Dungeon.
You visited 1 branch of the dungeon, and saw 4 of its levels.

You collected 115 gold pieces.

Inventory:

Hand Weapons
 l - the +6 flail of Qorghoc (weapon) {drain, rN+ Will+ Dex+4}
   (You found it on level 2 of the Dungeon)

   A truly terrible weapon, it drains the life of any living foe it strikes.
   Dex:       It affects your dexterity (+4).
   rN:        It protects you from negative energy.
   Will:      It increases your willpower.
Armour
 a - a +1 robe (worn)
Magical Staves
 f - a staff of death
Jewellery
 c - a +6 ring of intelligence (left hand)
 i - a ring of protection from cold (right hand)
 k - an amulet of magic regeneration (around neck)
Potions
 b - 2 potions of magic
 e - 3 potions of curing
 g - 2 potions of brilliance
 j - a potion of flight {unknown}
 n - a potion of mutation {unknown}
 o - a potion of haste {unknown}


   Skills:
 - Level 2.5 Dodging
 - Level 1.4 Stealth
 - Level 3.3 Spellcasting
 + Level 2.8 Conjurations
 + Level 6.4 Fire Magic


You had 4 spell levels left.
You knew the following spells:

 Your Spells              Type           Power      Damage    Failure   Level
a - Foxfire               Conj/Fire      100%       2x1d9     1%          1
b - Scorch                Fire           68%        2d8       1%          2
c - Flame Wave            Conj/Fire      26%        2d8       16%         4

Your spell library contained the following spells:

 Spells                   Type           Power      Damage    Failure   Level
 Conjure Flame            Conj/Fire      26%        6-21      4%          3
 Inner Flame              Hex/Fire       19%        N/A       9%          3
 Fireball                 Conj/Fire      13%        3d7       41%         5
 Iskenderun's Battlesphe  Conj           17%        2d7       67%         5
 Conjure Ball Lightning   Conj/Air       5%         3x3d6     100%        6
 Orb of Destruction       Conj           8%         9d6       100%        7


Dungeon Overview and Level Annotations

Branches:
Dungeon (4/15) Zot: 1287
 Temple: D:4-7

Altars:
Hepliaklqana
Sif Muna

Shops:
D:2 =


Innate Abilities, Weirdness & Mutations

You passively map a small area around you.
You are easily found by Zot.
You glow in the dark.
You regain HP and MP as you explore.


Message History

* * * LOW HITPOINT WARNING * * *
The jelly closely misses you.
Blink to where?
Press: ? - help, Dir - move target 2 orcs come into view.
An orc is wielding a +2 short sword of speed.
As you read the scroll of blinking, it crumbles to dust.
The orc shouts! x2
There is an open door here.
You close the door.
An orc opens the door.
Okay, then.
As you read the scroll labelled FUD QIATHRI, it crumbles to dust.
It is a scroll of enchant armour.
Your +0 robe glows green for a moment.
Casting: Flame Wave (quite dangerous; 16% risk of failure)
Confirm with . or Enter, or press ? or * to list all spells.
The spell is quite dangerous to miscast (16% risk of failure)!
Continue anyway?
Casting: Flame Wave (quite dangerous; 16% risk of failure)
Press: ? - help, Dir - look around, f - activate A wave of flame ripples out!
The flame wave engulfs the orc.
The orc is moderately wounded. (Press . to intensify the flame waves.)
The orc hits you with a +0 short sword.
* * * LOW HITPOINT WARNING * * *
A wave of flame ripples out!
The flame wave engulfs the orc!
You kill the orc!
The flame wave engulfs the orc!
You kill the orc!
A wave of flame ripples out!
The flame wave engulfs the orc!
You kill the orc!
The flame wave engulfs the orc!
You kill the orc!
You finish channelling waves of flame.
You close the door, pushing everything out of the way.
An orc priest breaks down the door.
The orc priest miscasts a cantrip.
Your magical contamination has completely faded away.
The orc priest mumbles some strange prayers to Beogh against you.
Beogh smites you!
You die...

, +....)#))# *
####..###o##
,###.#######.[#
........#..J.# ,
, ,.......#.)..#
, .......#....#
* #...[##...#
######.)..##...#
.............@.#
.v...†.<.......#
##..####..###..#
*+ #### #..# ,
...# , , ,...# *
** ####


You could see a jelly (very drained) and an orc priest.

Vanquished Creatures
  An iguana (D:4)
  Robin (D:3)
  3 gnolls (D:4)
  2 adders
  3 worms
  4 orcs (D:4)
  5 bats
  10 endoplasms
  3 giant cockroaches (D:1)
  20 goblins
  6 hobgoblins
  3 jackals (D:2)
  4 kobolds
  3 ball pythons
  3 frilled lizards
  5 rats
76 creatures vanquished.

Vanquished Creatures (others)
  105 foxfires
105 creatures vanquished.

Grand Total: 181 creatures vanquished

Notes
Turn   | Place    | Note
-------+----------+-------------------------------------------
     0 | D:1      | hawla the Meteoran Fire Elementalist began the quest for
                  | the Orb.
     0 | D:1      | Reached XP level 1. HP: 14/14 MP: 5/5
    55 | D:1      | Reached skill level 4 in Fire Magic
    55 | D:1      | Reached XP level 2. HP: 20/20 MP: 1/6
    64 | D:1      | Learned a level 2 spell: Scorch
   146 | D:1      | Reached XP level 3. HP: 20/26 MP: 0/8
   504 | D:2      | Found Dawkile Anki's Jewellery Emporium.
   527 | D:2      | Found a shimmering blue altar of Sif Muna.
   571 | D:2      | Reached XP level 4. HP: 33/33 MP: 5/10
   587 | D:2      | Learned a level 4 spell: Flame Wave
   601 | D:2      | Found a faded altar of an unknown god.
   665 | D:2      | Reached skill level 5 in Fire Magic
   745 | D:2      | Identified the +6 flail of Qorghoc {drain, rN+ Will+ Dex+4}
   960 | D:3      | Noticed Robin
   970 | D:2      | Reached XP level 5. HP: 32/38 MP: 5/11
  1020 | D:3      | Killed Robin
  1043 | D:3      | Found a hazy altar of Hepliaklqana.
  1043 | D:3      | Found a faded altar of an unknown god.
  1062 | D:4      | Reached skill level 6 in Fire Magic
  1085 | D:4      | Reached XP level 6. HP: 35/45 MP: 3/12
  1093 | D:4      | HP: 2/45 [something (11)]
  1109 | D:4      | Killed from afar by an orc priest

Illustrated notes

Levels and vault maps discovered:
D:1:      roderic_dead_forest, layout_rooms, chequers_arboretum,
          minmay_pentomino_z2
D:2:      layout_rooms, serial_shops, nicolae_shop_crystal, basic_altar,
          chequers_ecumenical_altar_simple
D:3:      layout_rooms, nicolae_overflow_ecumenical_swirl, uniq_robin,
          uniq_terence, uniq_sigmund
D:4:      layout_gridville

Skill      XL: |  1  2  3  4  5 |
---------------+----------------+-----
Fire Magic     | 4 5 6 |  6.4
Spellcasting   | 3 |  3.3
Conjurations   | 2 |  2.8
Dodging        | |  2.5
Stealth        | |  1.4

Action                   |  1- 3 |  4- 6 || total
-------------------------+-------+-------++-------
Melee: Unarmed           |     2 |       ||     2
       Staff             |       |     6 ||     6
       Flail             |       |     9 ||     9
 Cast: Foxfire           |    36 |    26 ||    62
       Scorch            |    10 |     8 ||    18
       Flame Wave        |       |     5 ||     5
  Use: Scroll            |     3 |     4 ||     7
       Potion            |       |     1 ||     1
Armor: Robe              |     4 |    10 ||    14
Dodge: Dodged            |     9 |    29 ||    38
